Cogmind - Beta 13 @@@ ROGUE MODE // 2024.04.03 @ 10:21:04 Player: BRAD-ly Result: Destroyed by G-34 Mercenary with Small Laser Performance ------------- Evolutions (0) 0 Regions Visited (1) 200 Robots Destroyed (9) 45 Value Destroyed (198) 198 Prototype IDs (0) 0 Alien Tech Used (0) 0 Bonus (0) 0 TOTAL SCORE: 443 Bonus ------- None Cogmind --------- Core Integrity 0/250 Matter 204/300 Energy 319/350 System Corruption 0% Temperature Hot (255) Movement Core (200) Ox3 Location -10/Materials Parts ------- > --- POWER (1) -------- (None) > --- PROPULSION (2) --- (None) > --- UTILITY (2) ------ Small Storage Unit High-capacity Battery > --- WEAPON (2) ------- Small Laser > --- INVENTORY (8) ---- Ion Engine Compact Wheel Flight Unit Peak State ------------ > --- POWER ------------ Ion Engine > --- PROPULSION ------- Light Treads Light Treads > --- UTILITY ---------- Small Storage Unit High-capacity Battery > --- WEAPON ----------- Medium Laser Small Laser > --- INVENTORY -------- Ion Engine Wheel Compact Wheel Compact Wheel Small Laser [Rating: 7] Favorites ----------- Power Ion Engine Engine Ion Engine Propulsion Light Treads Treads Light Treads Wheel Wheel Utility Small Storage Unit Storage Small Storage Unit Weapon Small Laser Energy Gun Small Laser Build | -11 -10 ------- Run | Yrd Mat Slots Evolved . | . . Power . | . . Propulsion . | . . Utility . | . . Weapon . | . . Parts Attached 12 | 6 6 Power 1 | 1 . Engine 1 | 1 . Core . | . . Reactor . | . . Propulsion 5 | 2 3 Treads 3 | 2 1 Leg . | . . Wheel 2 | . 2 Hover . | . . Flight . | . . Utility 2 | 1 1 Device . | . . Storage 2 | 1 1 Processor . | . . Hackware . | . . Protection . | . . Artifact . | . . Weapon 4 | 2 2 Energy Gun 4 | 2 2 Energy Cannon . | . . Ballistic Gun . | . . Ballistic Cannon . | . . Launcher . | . . Special Weapon . | . . Impact Weapon . | . . Slashing Weapon . | . . Piercing Weapon . | . . Special Melee Weapon . | . . Unidentified Prototypes . | . . Parts Lost 6 | . 6 Power 1 | . 1 Propulsion 2 | . 2 Utility . | . . Weapon 3 | . 3 Highest Loss Streak 6 | . 6 To Critical Strikes . | . . Average Slot Usage (%) 88 | . 88 Engine 11 | . 11 Treads 10 | . 10 Wheel 14 | . 14 Storage 23 | . 23 Energy Gun 27 | . 27 Naked Turns . | . . Heaviest Build 17 | 13 17 Greatest Support 40 | 40 40 Greatest Overweight (x) 1 | . 1 Average Overweight (x) . | . . Largest Inventory Capacity 8 | 8 8 Average Capacity 7 | 6 8 Most Carried 7 | 5 7 Average Carried 4 | 3 4 Final Capacity 8 | 8 8 Final Carried 5 | 5 3 Class Distribution -------------------- 100% | Mutant Dominant Class ---------------- Mutant | -10/Materials Resources | -11 -10 ----------- Run | Yrd Mat Matter Collected 194 | 79 115 Remotely . | . . Salvage Created 310 | 92 218 Parts 14 | 6 8 Haulers Intercepted . | . . Recyclers Shooed . | . . Parts Field Recycled . | . . Retrieved Matter . | . . Parts Self-Destructed . | . . Prevented . | . . Kills | -11 -10 ------- Run | Yrd Mat Combat Hostiles Destroyed 6 | . 6 Guns 6 | . 6 Classes Destroyed 5 | 2 3 Tunneler 1 | 1 . Recycler 1 | 1 . Watcher 1 | . 1 Swarmer 2 | . 2 Grunt 4 | . 4 Best Kill Streak 4 | 2 4 Combat Bots Only 4 | . 4 Max Kills in Single Turn 1 | 1 1 Gunslinging . | . . Exploded . | . . Melee . | . . Uniques/NPCs Destroyed . | . . Combat | -11 -10 -------- Run | Yrd Mat Hostile Shots Fired 84 | . 84 Missed 18 | . 18 Damage Taken 814 | . 814 Core 255 | . 255 Absorbed by Shields . | . . Core Remaining (%) 100 | 100 . Volleys Fired 39 | 6 33 Largest 2 | 2 2 Hottest 90 | 90 90 Shots Fired 68 | 12 56 Gun 68 | 12 56 Cannon . | . . Launcher . | . . Special . | . . Kinetic . | . . Thermal 68 | 12 56 Explosive . | . . Electromagnetic . | . . Robot Hit Streak 11 | 2 11 Robot Miss Streak 3 | 2 3 Penetration Max . | . . Secondary Targets 1 | . 1 Max Gunslinging Chain 1 | . 1 Shots Hit Robots 44 | 6 38 Core Hits 16 | 3 13 Critical Kills . | . . Critical Parts Destroyed . | . . Critical Strikes 1 | . 1 Burn 1 | . 1 Melee Attacks . | . . Impact . | . . Slashing . | . . Piercing . | . . Sneak Attacks . | . . Combat Hostiles . | . . Follow-up Attacks . | . . Damage Inflicted 494 | 68 426 Guns 494 | 68 426 Cannons . | . . Explosions . | . . Melee . | . . Ramming . | . . Kinetic . | . . Thermal 494 | 68 426 Explosive . | . . Electromagnetic . | . . Impact . | . . Slashing . | . . Piercing . | . . Highest Corruption . | . . Average Corruption . | . . Corruption Purged . | . . Corruption Blocked . | . . Overload Shots . | . . Overflow Damage . | . . Projectiles . | . . Explosions . | . . Melee . | . . Knockbacks . | . . Impact . | . . Kinetic . | . . Secondary . | . . Self-Inflicted Damage . | . . Shots . | . . Rammed . | . . Targets Rammed . | . . Kicked . | . . Crushed . | . . Highest Temperature 372 | 102 372 Average Temperature 141 | 52 162 Received Heat Transfer 441 | . 441 Effects 3 | . 3 Shutdowns 1 | . 1 Energy Bleed 1 | . 1 Damage (minor) 1 | . 1 Siege Activations . | . . Robots Corrupted . | . . Combat Hostiles . | . . Parts Fried . | . . Impact Corruptions . | . . Robots Melted . | . . Combat Hostiles . | . . Parts Melted 3 | . 3 Heat Transferred 1342 | 186 1156 Parts Sabotaged . | . . Parts Stolen . | . . Parts Stripped . | . . Power Chain Reactions . | . . Alert | -11 -10 ------- Run | Yrd Mat Peak Influence 128 | 10 128 Initial 6 | . 6 Average 25 | 2 34 Maximum Alert Level . | . . Low Security (%) 100 | 100 100 Level 1 . | . . Level 2 . | . . Level 3 . | . . Level 4 . | . . Level 5 . | . . High Security . | . . Max Security . | . . Squads Dispatched 2 | . 2 Investigation 1 | . 1 Extermination . | . . Reinforcement 1 | . 1 Assault . | . . Garrison . | . . Intercept . | . . Searches Triggered . | . . Construction Impeded . | . . Haulers Reinforced . | . . Active Scanning Responses . | . . Cargo Convoy Interrupts . | . . Stealth | -11 -10 --------- Run | Yrd Mat Distress Signals 1 | . 1 Communications Jammed . | . . Distress Signals . | . . Times Spotted 12 | . 12 Peak Tracking Total 7 | . 7 Tactical Retreats . | . . Traps | -11 -10 ------- Run | Yrd Mat Traps Triggered 1 | . 1 Indirectly . | . . Trap Hack Attempts . | . . Triggered . | . . Disarmed . | . . Reprogrammed . | . . Reused . | . . Traps Extracted . | . . Installed . | . . Triggered . | . . Machines | -11 -10 ---------- Run | Yrd Mat Machines Disabled . | . . Max in Single Turn . | . . Machines Repaired . | . . Machines Dismantled . | . . Machines Sabotaged . | . . Overloaded Fab Kills . | . . Hacking | -11 -10 --------- Run | Yrd Mat Machines Accessed . | . . Terminals . | . . Fabricators . | . . Repair Stations . | . . Recycling Units . | . . Scanalyzers . | . . Garrison Access . | . . Total Hacks . | . . Successful . | . . Failed . | . . Catastrophic . | . . Database Lockouts . | . . Manual . | . . Terminals . | . . Fabricators . | . . Repair Stations . | . . Recycling Units . | . . Scanalyzers . | . . Garrison Access . | . . Terminal Hacks . | . . Fabricator Hacks . | . . Repair Station Hacks . | . . Recycling Unit Hacks . | . . Scanalyzer . | . . Garrison Access Hacks . | . . Unauthorized Hacks . | . . Terminals . | . . Fabricators . | . . Repair Stations . | . . Recycling Units . | . . Scanalyzers . | . . Garrison Access . | . . Data Cores Recovered . | . . Used . | . . Hacking Detections . | . . Full Trace Events . | . . Feedback Events . | . . Feedback Blocked . | . . Robot Schematics Acquired . | . . Robots Built . | . . Authchips . | . . Time . | . . Total Robot Build Rating . | . . Part Schematics Acquired . | . . Parts Built . | . . Authchips . | . . Time . | . . Total Part Build Rating . | . . Parts Repaired . | . . Time . | . . Parts Recycled . | . . Recycled Matter . | . . Retrieved Matter . | . . Retrieved Components . | . . Parts Scanalyzed . | . . Part Schematics Acquired . | . . Parts Damaged . | . . Bothacking | -11 -10 ------------ Run | Yrd Mat Used RIF Installer . | . . Robots Hacked . | . . Non-combat . | . . Combat . | . . Robot Hacks Applied . | . . Relay Couplers Released . | . . Fabnet Peak Effective % . | . . Robots Rewired . | . . Allies Hacked . | . . Hacks Repelled . | . . Allies | -11 -10 -------- Run | Yrd Mat Total Allies . | . . Largest Group . | . . Highest-Rated Group . | . . Highest-Rated Ally . | . . Total Orders . | . . Ally Attacks . | . . Total Damage . | . . Kills . | . . Allies Corrupted . | . . Allies Melted . | . . Intel | -11 -10 ------- Run | Yrd Mat Robot Analysis Total . | . . Derelict Logs Recovered . | . . Drone Launches . | . . Drone Recoveries . | . . Exploration | -11 -10 ------------- Run | Yrd Mat Turns Passed 383 | 112 271 Spaces Moved 178 | 55 123 Core 6 | 6 . Treads 111 | 49 62 Legs . | . . Wheels 61 | . 61 Hover . | . . Flight . | . . Fastest Speed 50 | 50 115 Average Speed 140 | 148 137 Slowest Speed 160 | 160 160 Overloaded Moves . | . . Propulsion Burnouts . | . . Robots Hopped . | . . Cave-ins Triggered . | . . Exploration Rate (%) 15 | 5 25 Regions Visited 1 Branch Regions . Pre-discovered Areas . | . . Known Exits Taken . | . . Unknown Exits Taken 1 | 1 . Scrap Searched . | . . Spaces Dug . | . . Terrain Destroyed . | . . Melee . | . . Projectile . | . . AOE . | . . Terrain Rammed . | . . Walls Destroyed . | . . Machines Disabled . | . . Actions | -11 -10 --------- Run | Yrd Mat Total 242 | 71 171 Wait 2 | . 2 Move 177 | 54 123 Hop . | . . Pick Up 7 | 5 2 Fast Attach 7 | 6 1 Attach 5 | . 5 Detach 3 | . 3 Swap . | . . Drop 2 | . 2 Fire 39 | 6 33 Melee . | . . Ram . | . . Kick . | . . Crush . | . . Escape Stasis . | . . Rewire . | . . Trap . | . . Miscellaneous . | . . Route ------- -11/Scrapyard -10/Materials (discovered 1 exit: [*Min]) History --------- Turn | Location | Event 17 | -11/Scrapyard | Discovered new exit (range 15) 113 | -11/Scrapyard | Entered Materials 293 | -10/Materials | Discovered new exit (range 15) 317 | -10/Materials | Build established: Mutant 361 | -10/Materials | Core integrity fell below 50% 376 | -10/Materials | Core integrity fell below 20% 384 | -10/Materials | Destroyed by G-34 Mercenary with Small Laser Last Messages --------------- 00359_ G-47 Trooper heat short circuits Lgt. Nuclear Core. 00361_ G-47 Trooper heat spikes uncontrollably. 00362_ Sml. Laser destroyed. 00362_ Aluminum Leg melted. 00362_ G-47 Trooper destroyed. 00369_ W-16 Scout sends out distress signal. 00370_ K-01 Serf collects debris. 00373_ G-34 Mercenary destroyed. 00376_ S-10 Pest destroyed. 00377_ Acquired 19 matter. 00378_ R-06 Scavenger collects Aluminum Leg. 00379_ S-10 Pest destroyed. 00379_ Switching to secondary target: G-34 Mercenary. 00380_ R-06 Scavenger collects Flight Unit. 00382_ R-06 Scavenger collects Lgt. Assault Rifle. 00382_ Sml. Laser destroyed. 00384_ R-06 Scavenger collects Lgt. Ion Engine. Map ----- +----------------------------------------------------+ | ????????????????????????????????????# """ #???? | | ????????????????????????????????????# """ ##### | | ????????????????????????????????????# """ # | | ?????????????????????? """?????????# + | | ??????????????????????? """????????# # " | | ???????????????????????? ????# " "" # " | | ????????????????????????? ????# "R"" # " | | ??????????????????????????? ????# """" # | | ????????????????????######??# #???########## | | ????????????????????# # ############## | | ??????????????????? | | ??????????????????? < | | ??????????????????? # | | ????????????????????# ## """ ######## # | | ?????????????????????????????# """ #??????# # | | ?????????????????????????????# """ #??????# + | | ?????????????????????????????# #??????# # | | ????????????????????########## #??????# # | | ????????????????????# / # ### ##??????# # | | ????????????????????# # ###+######### # | | ????????????????????# "" + # # # | | ????????????????????# Y" # + # # | | ????????????????????# "" # # """ |! # # | | ????????????????????# % # # """ |! # # | | ?????????????????#########r### # """ # # | | ?????????? w @g%s + + # | | ?????????? rg ############## ## | | ????????????"" g #???????????? ?? | | ????????????"" ############## #???????????? ?? | | ?????????????????????????????# #???????????? ?? | | ?????????????????????????????# + ??????????? ?? | | ?????????????????????????????# # ????????????? | | ????????????????????????????? #?? ???????????? | | ?????????????????????????????##+##???????????????? | | ?????????????????????????????????????????????????? | | ?????????????????????????????????????????????????? | | ?????????????????????????????????????????????????? | | ?????????????????????????????????????????????????? | | ?????????????????????????????????????????????????? | | ?????????????????????????????????????????????????? | | ?????????????????????????????????????????????????? | | ?????????????????????????????????????????????????? | | ?????????????????????????????????????????????????? | | ?????????????????????????????????????????????????? | | ?????????????????????????????????????????????????? | | ?????????????????????????????????????????????????? | | ?????????????????????????????????????????????????? | | ?????????????????????????????????????????????????? | | ?????????????????????????????????????????????????? | | ?????????????????????????????????????????????????? | +----------------------------------------------------+ Best States ------------- Heat Dissipation 25 Energy Generation 10 Energy Capacity 500 Matter Stores 199 Matter Capacity 300 Sight Range 16 Terrain Scan Density 10 Evasion (%) 40 Recoil Reduction 2 Item Schematics ----------------- None Robot Schematics ------------------ None Fabricated ------------ Nothing Alien Tech Used ----------------- None Achievements -------------- None Challenges ------------ None Game ------ Seed DOMAIN Manual? 1 Play Time 00:04:20 Cumulative 7.0 hours Start 2024.04.03 @ 09:51:05 End 2024.04.03 @ 10:21:04 Sessions 1 Manual Loads 0 Difficulty Rogue Special Mode None Game No. 15 Rogue 15 Adventurer 0 Explorer 0 Win Type - Total 0 Types 0/0/0/0/0/0/0/0/0 Lore% 2 Gallery% 10 Achievement% 11 Wizard Run 0 Options --------- Layout 2 ASCII 0 Keyboard 1 Movement Arrows Keybinds 0 Fullscreen 1 Font 32/SmallcapsGlow Map View 50x44 Zoom Use 0% Tactical HUD 1 Map Filters NONE Filters NONE Steam 1 RUN: 1dbe3c22-1254-48bd-818d-3cfcce8ef893